 Dungeon Crawl Stone Soup version 0.28-a0-1506-g3893175d92 (webtiles) character file.

Game seed: 488107432182207144

836 riojii the Chopper (level 7, -3/63 HPs)
             Began as a Minotaur Fighter on Jan 13, 2022.
             Slain by an ogre (21 damage)
             ... on level 5 of the Dungeon.
             The game lasted 00:06:09 (4978 turns).

riojii the Chopper (Minotaur Fighter)               Turns: 4978, Time: 00:06:10

Health: -3/63      AC:  9    Str: 23    XL:     7   Next: 66%
Magic:  6/6        EV:  9    Int:  5    God:
Gold:   73         SH:  5    Dex:  9    Spells: 6/6 levels left

rFire   . . .      SeeInvis .   a - +1 war axe
rCold   . . .      Faith    .   c - +0 buckler
rNeg    . . .      Spirit   .   b - +1 scale mail
rPois   .          Reflect  .   (helmet restricted)
rElec   .          Harm     .   (no cloak)
rCorr   .          Rampage  .   l - +0 pair of gloves
Will    .....                   (no boots)
Stlth   ..........              (no amulet)
HPRegen 0.20/turn               f - ring of flight
MPRegen 0.10/turn               (no ring)

@: flying
A: horns 2, retaliatory headbutt
a: no special abilities


You were on level 5 of the Dungeon.
You visited 1 branch of the dungeon, and saw 5 of its levels.

You collected 73 gold pieces.

Inventory:

Hand Weapons
 a - a +1 war axe (weapon)
Missiles
 d - a throwing net
 t - 3 atropa-tipped darts (quivered)
Armour
 b - a +1 scale mail (worn)
 c - a +0 buckler (worn)
 l - a +0 pair of gloves (worn)
Jewellery
 f - a ring of flight (left hand)
 n - a ring of wizardry
 r - a ring of fire
 s - a ring of see invisible
Scrolls
 i - 2 scrolls of teleportation
 j - a scroll of blinking
 p - 2 scrolls of enchant weapon
 q - 2 scrolls of enchant armour
Potions
 e - 3 potions of brilliance
 g - a potion of resistance {unknown}
 h - a potion of flight {unknown}
 k - a potion of mutation {unknown}
 m - 3 potions of heal wounds
 o - a potion of curing {unknown}


   Skills:
 + Level 6.1 Fighting
 * Level 6.2 Axes
 + Level 6.1 Armour
 + Level 6.1 Shields


You had 6 spell levels left.
You didn't know any spells.
Your spell library contained the following spells:

 Spells                   Type           Power      Damage    Failure   Level
 Alistair's Intoxication  Tmut/Pois      0%         N/A       100%        5
 Borgnjor's Vile Clutch   Necr/Erth      0%         N/A       100%        5
 Eringya's Noxious Bog    Tmut/Pois      0%         N/A       100%        6


Dungeon Overview and Level Annotations

Branches:
Dungeon (5/15)
 Temple: D:4-7

Altars:
Dithmenos


Innate Abilities, Weirdness & Mutations

You have a pair of horns on your head.
You reflexively headbutt those who attack you in melee.


Message History

You closely miss the black bear.
The black bear is almost dead.
The black bear bites you!
The black bear claws you but does no damage.
The black bear closely misses you.
The black bear bites you but does no damage.
You block the black bear's attack.
The black bear claws you but does no damage.
You hit the black bear but do no damage.
The black bear is almost dead.
You block the black bear's attack. The black bear barely misses you.
You block the black bear's attack.
The black bear bites you but does no damage.
The black bear claws you but does no damage.
The black bear claws you.
You slash the black bear!
You kill the black bear!
You see here a black bear corpse.
t - 3 atropa-tipped darts (gained 1)
Things that are here:
+0 acid dragon scales; an acid dragon corpse u - +0 acid dragon scales
t - 4 atropa-tipped darts (gained 1)
You drop +0 acid dragon scales.
An ogre comes into view. It is wielding a +0 giant club.
The ogre shouts!
You see here an acid dragon corpse.
You are too injured to fight recklessly!
Throw: 4 darts (atropa)
Press: ? - help, Q - select action, (/) - cycle Shift-Dir - straight line, f - ogre
Aim: an ogre, wielding a +0 giant club (73% to hit, chance to blind on hit: 27%)
You throw an atropa-tipped dart. The atropa-tipped dart hits the ogre.
The ogre resists.
You completely miss the ogre. Your headbutt misses the ogre.
The ogre hits you with a +0 giant club!
* * * LOW HITPOINT WARNING * * *
You slash the ogre!
The ogre is heavily wounded.
The ogre hits you with a +0 giant club!!
You die...

#.. #.....# # #..
#.....#.# .
#..#####.....#.#..#
#...<.............
#.######..........
...................
...
........(..##.#.#
#..
########.O.##.#.##.#
#. #####..@.†.......
# .......†.[.<....#
#####.#..#.#.####
#.#..#.# # #.#..#..
#.#..#### .... .....
.#..#.


You could see an ogre.

Vanquished Creatures
  An acid dragon (D:5)
  A sky beast (D:4)
  A black bear (D:5)
  A necrophage (D:4)
  2 scorpions
  A jelly (D:4)
  An orc priest (D:4)
  An orc wizard (D:4)
  8 gnolls
  8 adders
  2 ufetubi (D:4)
  A worm (D:2)
  2 dart slugs
  7 orcs
  4 bats
  5 endoplasms
  7 giant cockroaches
  4 hobgoblins
  4 jackals (D:1)
  4 kobolds
  4 quokkas
  9 ball pythons
  7 frilled lizards
  4 goblins
  3 rats (D:2)
92 creatures vanquished.

Vanquished Creatures (others)
  8 fungi (D:3)
8 creatures vanquished.

Grand Total: 100 creatures vanquished

Notes
Turn   | Place    | Note
-------+----------+-------------------------------------------
     0 | D:1      | riojii the Minotaur Fighter began the quest for the Orb.
     0 | D:1      | Reached XP level 1. HP: 19/19 MP: 0/0
   187 | D:1      | Reached XP level 2. HP: 22/27 MP: 1/1
   852 | D:2      | Reached XP level 3. HP: 33/33 MP: 2/2
  1603 | D:2      | Reached XP level 4. HP: 26/40 MP: 3/3
  2590 | D:3      | Reached XP level 5. HP: 35/47 MP: 4/4
  3044 | D:3      | Found a shadowy altar of Dithmenos.
  3406 | D:3      | Found a faded altar of an unknown god.
  3587 | D:4      | Reached skill level 5 in Armour
  3595 | D:4      | Reached skill level 5 in Fighting
  3595 | D:4      | Reached skill level 5 in Shields
  3595 | D:4      | Reached XP level 6. HP: 50/56 MP: 5/5
  3819 | D:4      | Noticed a sky beast
  4076 | D:4      | Killed a sky beast
  4077 | D:4      | Reached skill level 5 in Axes
  4215 | D:4      | Reached XP level 7. HP: 49/61 MP: 6/6
  4408 | D:5      | Entered Level 5 of the Dungeon
  4978 | D:5      | Slain by an ogre

Illustrated notes

Levels and vault maps discovered:
D:1:      lightli_arrival_isolated_outpost, layout_basic
D:2:      layout_basic, minmay_hexomino_c4
D:3:      layout_basic, mainiacjoe_overflow_cross_hatched,
          hellmonk_ecumenical_altar_slurped_away
D:4:      layout_gridville, minmay_misc_feat_tower
D:5:      layout_basic, uniq_prince_ribbit1

Skill      XL: |  1  2  3  4  5  6  7 |
---------------+----------------------+-----
Fighting       | 4 5 6 |  6.1
Shields        | 4 5 6 |  6.1
Armour         | 4 5 6 |  6.1
Axes           | 3 4 5 6 |  6.2

Action                   |  1- 3 |  4- 6 |  7- 9 || total
-------------------------+-------+-------+-------++-------
Melee: War axe           |    67 |   132 |    48 ||   247
       Headbutt          |     2 |    21 |     6 ||    29
Throw: Dart              |       |       |     3 ||     3
  Use: Scroll            |     4 |     3 |     2 ||     9
       Potion            |     1 |       |       ||     1
Armor: Scale mail        |    24 |    74 |    40 ||   138
Dodge: Dodged            |    42 |    71 |    35 ||   148
Block: Buckler           |    13 |    25 |    26 ||    64

Table legend: (Time is in decaauts)
 A = Elapsed time spent in this place.
 B = Non-inter-level travel time spent in this place.
 C = Inter-level travel time spent in this place.
 D = Time resting spent in this place.
 E = Time spent auto-exploring this place.
 F = Levels seen in this place.
 G = Mean time per level.
                   A        B        C        D        E       F      G
               +--------+--------+--------+--------+--------+-----+--------+
         Total |   5065 |   4954 |    111 |   1728 |   2504 |   5 | 1013.0 |
       Dungeon |   5065 |   4954 |    111 |   1728 |   2504 |   5 | 1013.0 |
               +--------+--------+--------+--------+--------+-----+--------+

Top non-repeatable levels by time:
     D:1: 1476 daAuts
     D:2: 1450 daAuts
     D:4: 1109 daAuts
     D:3: 936 daAuts
     D:5: 93 daAuts
